Map: Big Great Hunters (no limit units)

Players

Gracz 5

  • Race: Terran Terran
  • Spawn Location: 3:00

Gracz 4

  • Race: Zerg Zerg
  • Spawn Location: 1:00

Gracz 3

  • Race: Protoss Protoss
  • Spawn Location: 5:00

Gracz 2

  • Race: Zerg Zerg
  • Spawn Location: 11:00

NamroodTuo - Winner!

  • Race: Zerg Zerg

VOD

Have the link to the VOD?

Description

Time

  • Played on: Jan. 20, 2023, 6:09 p.m.
  • Length: 30:04
Show
View Real Time Build Order
Export as new Build Order

Gracz 5 Terran 

Build Orders:  

Get SALT Encoding   

    0:01  SCV  
    0:03  Unknown  
    0:13  SCV  
    0:15  Supply Depot  
    0:25  SCV  
    0:34  Barracks  
    0:37  SCV  
    0:40  Unknown  
    0:46  Unknown  
    0:49  SCV  
    0:51  Unknown  
    0:55  Unknown  
    0:59  Unknown  
    1:05  Unknown  
    1:13  SCV  
    1:22  Marine  
    1:25  SCV  
    1:34  Supply Depot  
    1:37  Orbital Command  
    1:40  Marine  
    1:49  Barracks  
    1:58  Marine  
    2:03  SCV  
    2:16  Marine  
    2:33  SCV  
    2:34  Marine  
    2:35  Marine  
    2:42  Engineering Bay  
    2:45  SCV  
    2:54  Barracks Tech Lab  
    2:57  SCV  
    3:09  Marine  
    3:10  SCV  
    3:22  SCV  
    3:28  Marauder  
    3:34  SCV  
    3:46  SCV  
    3:49  Marauder  
    3:58  SCV  
    4:03  Stimpack  
    4:10  SCV  
    4:11  Marauder  
    4:22  SCV  
    4:32  Marauder  
    4:34  SCV  
    4:42  Combat Shield  
    4:46  SCV  
    4:53  Marauder  
    4:58  SCV  
    4:59  Barracks Tech Lab  
    5:01  Terran Infantry Weapons Level 1  
    5:02  Factory  
    5:06  Factory  
    5:11  SCV  
    5:13  Missile Turret  
    5:14  Marine  
    5:21  Missile Turret  
    5:23  SCV  
    5:25  Barracks  
    5:27  Sensor Tower  
    5:35  SCV  
    5:43  Marine, Concussive Shells  
    5:47  SCV  
    5:48  Bunker  
    5:50  Factory Tech Lab x2  
    5:51  Marine  
    5:55  Starport  
    5:59  SCV  
    6:00  Starport  
    6:01  Marine  
    6:03  Armory  
    6:09  Marine  
    6:11  SCV  
    6:12  Barracks Reactor  
    6:19  Marine  
    6:23  SCV  
    6:27  Marine  
    6:31  Starport Tech Lab, Siege Tank  
    6:35  SCV  
    6:37  Starport Tech Lab  
    6:39  Siege Tank  
    6:47  SCV  
    6:48  Marauder  
    6:56  Terran Infantry Armor Level 1  
    6:59  Raven, SCV  
    7:04  Raven  
    7:12  SCV  
    7:24  SCV  
    7:36  SCV  
    7:48  SCV  
    8:00  SCV  
    8:12  SCV  
    8:24  SCV  
    8:36  SCV  
    8:48  SCV  
    9:00  SCV  
    9:02  Medivac x2  
    9:03  Marine  
    9:07  Marine  
    9:11  Terran Infantry Weapons Level 2  
    9:12  Marine  
    9:13  SCV, Ghost Academy  
    9:16  Marine, Terran Vehicle And Ship Armor Level 1  
    9:18  Fusion Core  
    9:21  Marine  
    9:22  Engineering Bay  
    9:25  SCV, Armory, Marine  
    9:31  Cyclone  
  3  9:32  Medivac  
  3  9:37  SCV  
  3  9:39  Marauder  
  3  9:41  Raven  
  3  9:44  Marauder  
  3  9:47  Terran Infantry Armor Level 2  
  3  9:49  SCV  
  3  10:01  Marauder, SCV  
  3  10:13  SCV  
  3  10:25  SCV  
  3  10:38  Raven  
  3  10:41  Raven  
  3  10:43  SCV  
  3  10:47  Marine  
  3  10:51  Marine  
  3  10:56  Marine  
  3  11:00  Marine  
  3  11:05  Marine  
  3  11:10  Siege Tank  
  3  11:14  Marine  
  3  11:18  Marine  
  3  11:22  Marine  
  3  11:27  Marauder  
  3  11:31  Siege Tank  
  3  11:36  Marauder  
  3  11:48  Raven  
  3  11:49  Marauder  
  3  12:02  Cyclone  
  3  12:06  Marine  
  3  12:11  Marauder  
  3  12:16  Marine  
  3  12:20  Marine  
  3  12:25  Marine  
  3  12:32  Marine  
  3  12:34  Marine  
  3  12:39  SCV  
  3  12:42  Marine  
  3  12:43  Marine  
  3  12:50  Marine  
  3  12:52  Terran Infantry Weapons Level 3  
  3  12:53  Marine  
  3  12:54  Terran Infantry Armor Level 3  
  3  12:55  Terran Vehicle And Ship Armor Level 2  
  3  12:56  Rapid Reignition System  
  3  13:00  Marine  
  3  13:08  Marauder  
  3  13:10  Battlecruiser  
  3  13:18  Reaper  
  3  13:20  Banshee  
  3  13:29  Reaper  
  3  13:32  Siege Tank  
    13:38  Siege Tank  
    13:51  Marauder  
    14:02  Reaper  
    14:12  Raven, Reaper  
    14:22  Raven  
    14:23  SCV  
    14:33  Neosteel Armor  
    14:46  Battlecruiser  
    14:53  Neosteel Frame  
    14:56  Banshee  
    15:13  Terran Vehicle And Ship Armor Level 3  
    15:40  Battlecruiser  
    15:50  Battlecruiser  
    15:58  Hi-Sec Auto Tracking  
    16:17  Reaper  
    16:18  SCV  
    16:27  Reaper  
    16:33  Marine  
    16:38  Marine  
    16:43  Medivac  
    16:49  Marine  
    16:50  Marine, SCV  
    16:59  Marine  
    17:01  Banshee, Siege Tank  
    17:02  Siege Tank  
    17:03  Marine  
    17:07  Marine  
    17:08  Marine  
    17:13  Banshee  
    17:17  Marauder  
    17:21  Marine  
    17:25  Marine  
    17:26  Marine  
    17:38  Marine x2  
    17:43  Marine  
    17:44  Marine, Battlecruiser  
    17:56  Marine x2  
    17:57  SCV  
    18:00  Marine  
    18:02  Marine  
    18:13  Marine  
    18:14  Marine  
    18:19  Marauder, Marine  
    18:31  Marine  
    18:32  Marine  
    18:37  Marine  
    18:40  Marauder  
    18:50  Marauder, Marine  
    18:55  Marine  
    19:02  Marauder  
    19:11  Marauder  
    19:23  Marauder  
    19:32  Marauder  
    19:43  Ghost  
    19:46  Marine  
    19:47  Marine  
    19:53  Marine  
    19:59  Raven  
    20:04  Marine  
    20:05  Marine  
    20:10  Raven  
    20:11  Marauder  
    20:12  Marine  
    20:13  SCV  
    20:21  Hellion  
    20:22  Marine  
    20:25  Hellion  
    20:33  Viking  
    20:35  Marine  
    20:39  Marine  
    20:43  Marine  
    20:47  Marine  
    20:53  Marine  
    20:57  Marine  
    21:01  Marine  
    21:04  Marine  
    21:11  Marine  
    21:15  Marine  
    21:18  Marine  
    21:22  Marine  
    21:23  Viking  
    21:27  Siege Tank  
    21:30  Thor  
    21:34  Marauder  
    21:39  Banshee  
    21:49  SCV  
    21:59  Siege Tank  
    22:13  Thor  
    22:28  Infernal Pre-Igniter  
    22:31  Siege Tank  
    22:36  SCV  
    22:56  Hellion  
    23:04  Hellion  
    23:18  Viking  
    23:22  Banshee  
    23:30  SCV  
    23:34  Hellion  
    23:48  Viking  
    23:58  Marine  
    24:04  Hellion  
    24:07  Marine  
    24:11  Marine  
    24:15  Marine  
    24:19  Marine  
    24:25  Marine  
    24:28  Viking  
    24:31  Medivac  
    24:34  Hellion  
    24:38  Hellion  
    24:42  Marine  
    24:48  Marine  
    24:53  Marine  
    24:57  Marine  
    25:02  Viking  
    25:07  Siege Tank  
    25:11  Thor  
    25:16  Marine  
    25:18  Medivac  
    25:21  Marine  
    25:23  SCV  
    25:25  Marine  
    25:32  Viking  
    25:34  Marine  
    25:39  Hellion  
    25:44  Marine  
    25:48  SCV  
    25:49  Marine  
    25:51  Bunker  
    25:55  Hellion  
    25:57  Raven  
    26:00  SCV  
    26:01  Siege Tank  
    26:03  Marauder  
    26:09  Marauder  
    26:11  Raven  
    26:19  Marine  
    26:24  Marine  
    26:31  Medivac  
    26:38  Factory Reactor  
    26:39  Barracks Reactor  
Show
View Real Time Build Order
Export as new Build Order

Gracz 4 Zerg 

Build Orders: 1 Base Baneling Bust, Pool First 

Get SALT Encoding   

    0:01  Drone  
    0:03  Unknown  
    0:11  Overlord  
    0:13  Drone  
    0:17  Drone  
    0:21  Drone  
    0:35  Drone, Spawning Pool  
    0:41  Unknown  
    0:43  Unknown, Drone  
    0:53  Unknown, Drone  
    0:55  Unknown  
    0:57  Unknown  
    1:04  Drone  
    1:07  Unknown  
    1:15  Drone  
    1:25  Drone  
    1:36  Drone  
    1:47  Drone  
    1:49  Roach Warren  
    1:58  Drone  
    2:08  Overlord  
    2:19  Zergling x2  
    2:30  Zergling x2  
    2:40  Drone  
    2:49  Evolution Chamber  
    2:51  Drone  
    3:02  Drone  
    3:13  Drone  
    3:23  Drone  
    3:34  Drone  
    3:43  Queen  
    3:45  Drone  
    3:56  Drone  
    4:06  Roach  
    4:17  Roach  
    4:28  Roach  
    4:38  Roach, Baneling Nest  
    4:49  Roach  
    4:53  Drone  
    4:54  Drone  
    4:56  Roach, Drone, Lair  
    4:59  Evolution Chamber  
    5:00  Drone  
    5:04  Spore Crawler  
    5:10  Drone, Spore Crawler  
    5:21  Roach, Drone  
    5:23  Drone  
    5:24  Drone  
    5:26  Drone  
    5:32  Drone  
    5:35  Zerg Melee Weapons Level 1  
    5:39  Spine Crawler  
    5:43  Drone, Zerg Ground Armor Level 1  
    5:46  Spine Crawler  
    5:49  Drone  
    5:50  Zergling x2  
    5:51  Drone  
    5:52  Queen  
    5:53  Drone  
    5:54  Drone  
    5:59  Hydralisk Den  
    6:00  Overseer  
    6:04  Drone  
    6:14  Infestation Pit  
    6:15  Drone  
    6:18  Roach, Drone  
    6:20  Drone  
    6:21  Drone  
    6:24  Spire  
    6:26  Drone  
    6:36  Drone  
    6:44  Hydralisk  
    6:47  Drone  
    6:48  Drone  
    6:50  Drone  
    6:51  Drone  
    6:58  Drone  
    7:09  Drone  
    7:15  Roach, Drone  
    7:17  Drone  
    7:18  Drone  
    7:20  Drone  
    7:30  Drone  
    7:41  Hydralisk, Drone  
    7:44  Drone  
    7:45  Zerg Missile Weapons Level 1  
    7:46  Drone  
    7:47  Drone  
    7:51  Drone  
    8:02  Drone  
    8:10  Hydralisk  
    8:13  Drone, Muscular Augments  
    8:15  Drone  
    8:16  Drone  
    8:18  Drone  
    8:23  Drone  
    8:35  Drone  
    8:38  Hydralisk  
    8:44  Hive  
    8:59  Zergling x2  
    9:02  Mutalisk  
    9:05  Mutalisk  
    9:09  Zergling x2  
    9:11  Hydralisk  
    9:12  Hatchery, Mutalisk  
    9:15  Unknown, Mutalisk  
    9:19  Zergling x2  
    9:20  Metabolic Boost, Zerg Melee Weapons Level 2  
    9:23  Zergling x2  
    9:26  Viper  
    9:27  Zergling x2  
    9:30  Zergling x2  
    9:32  Glial Reconstitution  
    9:36  Zergling x2  
    9:38  Drone  
    9:39  Mutalisk  
    9:43  Mutalisk  
    9:45  Zerg Flyer Weapons Level 1  
    9:46  Mutalisk  
    9:49  Mutalisk  
    9:53  Zergling x2  
    9:56  Zergling x2  
    10:06  Ultralisk Cavern  
    10:07  Drone  
    11:11  Zergling x2  
    11:14  Zergling x2, Pneumatized Carapace  
    11:17  Zergling x2, Zerg Ground Armor Level 2  
    11:18  Viper  
    11:20  Mutalisk  
    11:23  Mutalisk  
    11:26  Zergling x2  
    11:29  Mutalisk  
    11:32  Mutalisk  
    11:36  Zergling x2, Zerg Missile Weapons Level 2  
    11:39  Zerg Flyer Armor Level 1, Zergling x2  
    11:42  Zergling x2  
    11:44  Mutalisk  
    11:46  Adrenal Glands  
    11:47  Mutalisk  
    11:50  Mutalisk  
    11:53  Mutalisk  
    11:57  Zergling x2  
    12:22  Viper  
    12:28  Mutalisk  
    12:32  Unknown  
    12:33  Drone, Mutalisk  
    12:38  Mutalisk  
    12:43  Mutalisk  
    12:44  Greater Spire  
    12:48  Viper  
    12:59  Mutalisk  
    13:04  Mutalisk  
    13:09  Mutalisk  
    13:14  Mutalisk  
    13:18  Zerg Flyer Weapons Level 2  
    13:19  Corruptor  
    13:25  Corruptor  
    13:30  Corruptor  
    13:34  Zerg Melee Weapons Level 3  
    13:35  Corruptor  
    13:52  Zerg Ground Armor Level 3  
    13:57  Spire  
    13:58  Drone  
    14:02  Zerg Flyer Armor Level 2  
    15:37  Zerg Flyer Weapons Level 3  
    16:21  Viper  
    16:30  Corruptor  
    16:31  Zerg Flyer Armor Level 3  
    16:33  Zerg Missile Weapons Level 3  
    16:36  Corruptor  
    16:47  Queen  
    16:49  Hydralisk  
    16:52  Viper  
    16:55  Zergling x2  
    16:56  Hydralisk  
    17:00  Drone  
    17:02  Drone  
    17:03  Roach  
    17:08  Queen  
    17:10  Hydralisk  
    17:14  Roach Warren  
    17:24  Zergling x2  
    17:30  Queen  
    17:31  Hydralisk  
    17:33  Spine Crawler  
    17:41  Hydralisk  
    17:43  Brood Lord  
    17:45  Spine Crawler  
    17:52  Hatchery  
    17:54  Baneling Nest  
    17:55  Mutalisk  
    17:56  Unknown  
    18:05  Mutalisk  
    18:16  Mutalisk  
    18:19  Viper  
    18:29  Unknown  
    18:30  Viper  
    18:35  Mutalisk  
    18:46  Drone  
    18:48  Drone  
    18:57  Drone  
    19:01  Drone  
  2  19:03  Drone  
  2  19:05  Drone  
  2  19:06  Drone  
  2  19:07  Mutalisk  
  2  19:10  Drone  
  2  19:12  Brood Lord  
  2  19:18  Drone  
  2  19:21  Roach  
  2  19:23  Unknown  
  2  19:29  Roach  
  2  19:30  Hydralisk  
    19:32  Roach  
    19:34  Drone  
    19:35  Roach  
    19:36  Drone  
    19:37  Infestor  
    19:41  Zergling x2  
    19:42  Drone  
    19:50  Mutalisk  
    19:54  Hydralisk  
    19:57  Hydralisk  
  2  20:00  Hydralisk  
  2  20:03  Hydralisk  
  2  20:06  Hydralisk  
  2  20:07  Brood Lord  
  2  20:12  Roach  
  2  20:15  Roach  
  2  20:17  Unknown, Roach  
    20:22  Roach  
    20:26  Roach  
    20:29  Roach  
    20:32  Roach  
    20:35  Roach, Hydralisk  
    20:38  Hydralisk  
    20:41  Hydralisk  
    20:47  Infestor  
    20:51  Roach  
    20:54  Roach  
    20:58  Roach  
    21:01  Roach  
    22:35  Ultralisk  
    22:41  Ultralisk  
    22:43  Hydralisk  
    22:48  Ultralisk  
    22:55  Ultralisk  
    23:03  Ultralisk  
    23:05  Chitinous Plating  
    23:09  Ultralisk  
    23:14  Roach  
    23:15  Ultralisk x2  
    23:16  Spire, Drone  
    23:18  Roach  
    23:19  Queen  
    23:20  Drone  
    23:23  Roach, Drone, Spawning Pool  
    23:25  Drone  
    23:27  Hydralisk, Drone  
    23:29  Drone  
    23:30  Evolution Chamber  
    23:31  Drone  
    23:33  Drone  
    23:34  Hydralisk  
    23:35  Drone  
    23:38  Drone  
    23:40  Hydralisk, Drone, Queen  
    23:42  Drone  
    23:45  Drone  
    23:47  Drone  
    23:48  Unknown  
    23:49  Roach, Drone  
    23:54  Roach, Baneling Nest  
    23:58  Hydralisk  
    24:01  Overseer  
    24:04  Overseer  
    24:05  Overlord  
    24:14  Mutalisk  
    24:15  Drone  
    24:16  Drone  
    24:18  Drone, Mutalisk  
Show
View Real Time Build Order
Export as new Build Order

Gracz 3 Protoss 

Build Orders:  

Get SALT Encoding   

  1  0:00  Probe  
    0:03  Unknown  
    0:09  Probe  
    0:17  Pylon  
    0:19  Probe  
    0:28  Probe  
    0:38  Unknown, Probe  
    0:42  Unknown  
    0:44  Gateway  
    0:46  Unknown  
    0:51  Unknown  
    0:54  Unknown  
    0:59  Unknown  
    1:00  Probe  
    1:10  Probe, Pylon  
    1:20  Probe  
    1:26  Zealot  
    1:37  Gateway  
    1:40  Cybernetics Core  
    2:01  Zealot  
    2:53  Probe  
    3:03  Warp Gate  
    3:05  Probe, Forge  
    3:18  Probe  
    3:24  Stalker  
    3:30  Probe  
    3:37  Adept  
  2  3:42  Probe  
  2  3:51  Adept  
  2  3:54  Probe  
  4  4:05  Adept  
  4  4:06  Probe  
  6  4:18  Probe  
  8  4:30  Probe  
  10  4:42  Probe  
  10  4:50  Adept  
  12  4:54  Probe  
  12  5:02  Adept  
  12  5:06  Probe  
  14  5:13  Stalker  
  14  5:19  Probe  
  14  5:31  Probe  
  14  5:43  Probe  
  14  5:55  Probe  
  14  5:58  Protoss Ground Weapons Level 1  
  14  5:59  Stalker  
  14  6:03  Pylon  
  14  6:07  Probe  
  14  6:09  Sentry  
  14  6:19  Probe  
  14  6:20  Stalker  
  14  6:21  Gateway  
  14  6:24  Photon Cannon  
  14  6:29  Blink  
  14  6:31  Probe, Zealot  
  14  6:42  Stalker  
  14  6:43  Probe  
  14  6:46  Photon Cannon  
  14  6:52  Zealot  
  14  6:55  Probe  
  14  7:03  Stargate, Zealot  
  14  7:07  Probe  
  14  7:08  Twilight Council  
  14  7:15  Stalker  
  14  7:20  Probe  
  14  7:25  Stalker  
  14  7:26  Forge  
  14  7:32  Probe  
  14  7:35  Stalker  
  14  7:44  Probe  
  14  7:45  Sentry  
  14  7:48  Protoss Ground Armor Level 1  
  14  7:55  Zealot  
  14  7:56  Probe  
  14  8:08  Probe  
  14  8:20  Probe, Robotics Facility  
  14  8:32  Probe  
  14  8:44  Probe  
  14  8:56  Probe  
  14  9:06  Observer  
  14  9:08  Probe  
  14  9:21  Probe  
  14  9:25  Observer  
  14  9:33  Probe  
  14  9:45  Probe  
  12  9:56  Stalker  
  12  9:57  Probe  
  12  10:06  Zealot  
  12  10:09  Probe  
  12  10:16  Warp Prism, Zealot  
  12  10:21  Probe  
  12  10:25  Robotics Facility  
  12  10:29  Stargate  
  12  10:32  Zealot  
  12  10:33  Probe, Templar Archives  
  12  10:35  Protoss Air Weapons Level 1  
  12  10:38  Robotics Bay  
  12  10:43  Dark Shrine  
  12  10:45  Probe  
  12  10:48  Zealot  
  12  10:50  Fleet Beacon  
  12  10:51  Warp Prism  
  12  10:57  Probe  
  12  10:59  Protoss Shields Level 1  
  12  11:09  Void Ray  
  10  11:11  Observer  
  10  11:12  Gravitic Boosters  
  10  11:21  Stargate  
  10  11:25  Warp Prism, Void Ray  
  4  11:32  Observer  
  4  11:51  Void Ray  
  4  11:52  Observer  
  4  12:00  Carrier  
  4  12:01  Graviton Catapult  
  4  12:11  Phoenix, Stargate  
  4  12:27  Carrier  
  4  12:36  Protoss Air Armor Level 1  
  4  12:42  Carrier  
  4  13:02  Protoss Shields Level 2  
  4  13:55  Void Ray  
  4  14:06  Phoenix  
  4  14:17  Zealot  
  4  14:20  Stalker  
  4  14:23  Zealot  
  4  14:25  Immortal  
  4  14:26  Gateway  
  4  14:33  Immortal  
  4  14:36  Stalker  
  4  14:42  Stalker  
  4  14:44  Protoss Air Weapons Level 2  
  4  14:45  Sentry  
  4  14:59  Zealot  
  4  15:04  Protoss Ground Weapons Level 2  
  4  15:05  Stalker  
  4  15:08  Stalker  
  4  15:18  Zealot  
  4  15:21  Sentry  
  4  15:27  Zealot  
  4  15:31  Protoss Ground Armor Level 2  
  4  15:36  Probe, Stalker  
  4  15:48  Probe, Sentry  
  4  15:54  Stalker  
  4  15:58  Sentry  
  4  16:00  Probe  
  4  16:01  Zealot  
  4  16:04  Photon Cannon  
  4  16:12  Probe, Stalker  
  4  16:13  Twilight Council  
  4  16:15  Immortal  
  4  16:19  Stalker  
  4  16:22  Stalker  
  4  16:24  Probe  
  4  16:29  Sentry  
  4  16:32  Zealot  
  4  16:35  Stalker  
  4  16:36  Probe  
  4  16:42  Sentry  
  4  16:43  Void Ray  
  4  16:45  Immortal, Stalker  
  4  16:47  Pylon  
  4  16:48  Probe  
  4  16:51  Immortal  
  4  16:52  Pylon, Zealot  
  4  16:55  Void Ray  
  4  16:58  Zealot  
  4  17:01  Probe  
  4  17:02  Twilight Council  
  4  17:06  Stalker  
  4  17:13  Probe, Tempest  
  4  17:14  Protoss Air Armor Level 2  
  4  17:19  Stalker  
  4  17:25  Probe, Sentry  
  4  17:29  Disruptor  
  4  17:33  Unknown  
  4  17:35  Disruptor  
  10  17:37  Probe  
  10  17:40  Photon Cannon  
  10  17:48  Stalker  
  10  17:49  Probe  
  10  17:54  Stalker  
  10  18:00  Sentry  
  10  18:01  Probe  
  10  18:07  Stalker  
  10  18:13  Probe, Sentry  
  10  18:19  Stalker  
  10  18:21  Dark Shrine  
  10  18:25  Stalker  
  4  18:37  Stalker  
  4  18:43  Sentry  
  4  18:48  Zealot  
  4  18:54  Stalker  
  4  19:00  Stalker  
  4  19:18  Stalker  
    19:42  Stalker  
    20:05  Stalker  
    20:28  Zealot  
    20:48  Stalker  
    21:11  Zealot  
    21:32  Zealot  
Show
View Real Time Build Order
Export as new Build Order

Gracz 2 Zerg 

Build Orders: 1 Base Baneling Bust, Pool First 

Get SALT Encoding   

    0:01  Drone  
    0:03  Unknown  
    0:22  Spawning Pool  
    0:26  Drone  
    0:33  Overlord  
    0:36  Drone  
    0:40  Drone  
    0:43  Drone  
    0:45  Drone  
    0:53  Overlord  
    0:58  Unknown  
    1:00  Unknown  
    1:04  Unknown, Drone  
    1:15  Drone  
    1:20  Unknown  
    1:23  Unknown  
    1:25  Drone  
    1:36  Drone  
    1:39  Unknown  
    1:47  Drone  
    1:58  Drone  
    1:59  Roach Warren  
    2:08  Drone  
    2:19  Zergling x2  
    2:30  Zergling x2  
    2:40  Drone  
    2:48  Evolution Chamber  
    2:51  Drone  
    3:02  Zergling x2  
    3:13  Drone  
    3:23  Zergling x2  
    3:34  Drone  
    3:45  Zergling x2  
    3:56  Zergling x2  
    4:06  Zergling x2  
    4:17  Zergling x2  
    4:28  Zergling x2  
    4:38  Drone  
    4:49  Drone  
    4:52  Evolution Chamber  
    4:56  Spore Crawler  
    5:01  Drone  
    5:10  Drone  
    5:16  Spore Crawler  
    5:21  Drone  
    5:32  Drone  
    5:43  Drone  
    5:47  Baneling Nest  
    5:53  Drone, Spine Crawler, Queen  
    5:57  Spine Crawler  
    6:04  Drone  
    6:15  Drone  
    6:26  Roach  
    6:33  Lair  
    6:36  Roach  
    6:40  Metabolic Boost  
    6:47  Drone  
    6:58  Drone  
    7:02  Roach  
    7:03  Drone  
    7:04  Drone  
    7:06  Drone  
    7:08  Drone  
    7:19  Drone  
    7:23  Zerg Melee Weapons Level 1  
    7:28  Zerg Ground Armor Level 1  
    7:30  Drone  
    7:31  Roach  
    7:32  Drone  
    7:33  Drone, Hydralisk Den  
    7:35  Drone  
    7:36  Queen  
    7:41  Drone  
    7:47  Overseer  
    7:51  Drone  
    7:57  Infestation Pit  
    8:00  Roach, Drone  
    8:02  Drone  
    8:03  Drone  
    8:04  Spire  
    8:05  Drone  
    8:13  Drone  
    8:23  Drone  
    8:26  Hydralisk  
    8:29  Drone  
    8:31  Drone  
    8:32  Drone  
    8:34  Drone  
    8:35  Hive  
    8:44  Hydralisk  
    8:55  Hydralisk  
    8:56  Drone  
    8:58  Drone  
    9:00  Drone  
    9:02  Zergling x2  
    9:06  Drone  
    9:32  Queen  
    9:38  Drone  
    9:49  Drone  
    9:54  Roach, Drone  
    9:55  Overlord  
    9:56  Drone  
    10:00  Roach  
    10:01  Hatchery  
    10:05  Unknown  
    10:06  Ultralisk Cavern  
    10:08  Hydralisk, Pneumatized Carapace  
    10:21  Mutalisk  
    10:23  Drone  
    10:25  Drone  
    10:26  Drone  
    10:29  Hydralisk  
    10:30  Hydralisk  
    10:38  Queen  
    10:39  Hydralisk  
    10:45  Drone  
    10:50  Drone  
    10:52  Roach, Drone  
    10:54  Drone  
    10:55  Roach  
    10:56  Drone  
    11:05  Drone  
    11:06  Drone, Zergling x2  
    11:07  Unknown  
    11:15  Drone  
    11:17  Drone  
    11:27  Drone  
    11:38  Drone  
    11:49  Drone  
    12:00  Drone  
Show
View Real Time Build Order
Export as new Build Order

NamroodTuo Zerg - Winner!

Build Orders:  

Get SALT Encoding   

  12  0:00  Unknown x3  
  13  0:07  Unknown  
  13  0:13  Unknown x2  
  14  0:20  Unknown  
  14  0:23  Unknown  
  14  0:25  Unknown  
  15  0:34  Unknown  
  15  0:35  Unknown  
  16  0:46  Unknown  
  16  0:51  Unknown  
  16  1:01  Unknown  
  16  1:02  Unknown  
  16  1:03  Unknown x2  
  18  1:09  Unknown  
  19  1:15  Unknown x2  
  19  1:21  Unknown  
  19  1:23  Unknown  
  19  1:24  Unknown  
  20  1:36  Unknown  
  20  1:41  Unknown  
  20  1:42  Unknown  
  20  1:43  Unknown  
  20  1:47  Unknown x4  
  23  1:50  Unknown x2  
  23  1:51  Unknown x3  
  26  1:54  Unknown  
  26  1:55  Unknown x2  
  26  1:56  Unknown  
  27  2:08  Unknown x5  
  27  2:09  Unknown x5  
  27  2:13  Unknown  
  28  2:21  Unknown x2  
  28  2:22  Unknown  
  29  2:30  Unknown x8  
  29  2:33  Unknown x2  
  29  2:36  Unknown  
  30  2:42  Unknown  
  30  2:43  Unknown  
  31  2:49  Unknown  
  31  2:51  Unknown x8  
  31  2:52  Unknown  
  31  2:54  Unknown  
  31  3:00  Unknown  
  30  3:12  Unknown  
  27  3:13  Unknown x9  
  27  3:33  Unknown  
  27  3:34  Unknown x10  
  30  3:46  Unknown x4  
  30  3:56  Unknown x8  
  30  3:59  Unknown x2  
  34  4:12  Unknown  
  34  4:13  Unknown x2  
  34  4:15  Unknown  
  34  4:16  Unknown  
  36  4:17  Unknown x16  
  36  4:25  Unknown  
  36  4:27  Unknown  
  36  4:29  Unknown  
  36  4:31  Unknown  
  36  4:34  Unknown  
  37  4:38  Unknown x6  
  37  4:39  Unknown x10  
  37  4:40  Unknown  
  37  4:42  Unknown, Overseer x4  
  37  4:43  Unknown  
  37  4:45  Unknown  
  37  4:46  Unknown  
  37  4:48  Unknown  
  37  4:50  Unknown  
  37  4:51  Unknown  
  38  4:56  Unknown  
  38  4:57  Unknown  
  38  4:59  Unknown x2  
  39  5:00  Unknown x31  
  39  5:01  Unknown x11  
  39  5:02  Unknown x12  
  39  5:03  Unknown x7  
  39  5:04  Unknown x2  
  39  5:07  Unknown  
  39  5:08  Unknown  
  39  5:09  Unknown  
  39  5:13  Unknown x2  
  44  5:19  Unknown  
  44  5:21  Unknown x15  
  44  5:22  Unknown x5  
  44  5:25  Unknown x2  
  45  5:28  Unknown  
  45  5:29  Unknown x5  
  45  5:30  Unknown x6  
  45  5:31  Unknown x2  
  45  5:32  Unknown  
  45  5:34  Unknown  
  45  5:35  Unknown  
  45  5:36  Unknown  
  45  5:39  Unknown  
  45  5:42  Unknown  
  49  5:43  Unknown x21  
  49  5:44  Unknown  
  49  5:45  Unknown x17  
  49  5:46  Unknown x3  
  49  5:47  Unknown x8  
  49  5:48  Unknown  
  49  5:49  Unknown x2  
  49  5:50  Unknown x4  
  49  5:51  Unknown x3  
  49  5:52  Unknown  
  49  5:53  Unknown x3  
  49  5:55  Unknown  
  49  5:57  Unknown  
  49  5:59  Unknown  
  49  6:03  Unknown x2  
  49  6:04  Unknown x18  
  49  6:05  Unknown  
  49  6:09  Unknown  
  49  6:10  Unknown  
  49  6:11  Unknown  
  49  6:14  Unknown  
  49  6:16  Unknown x2  
  49  6:17  Unknown  
  49  6:18  Unknown x4  
  53  6:20  Unknown  
  53  6:22  Unknown x2  
  53  6:23  Unknown x2  
  53  6:24  Unknown  
  54  6:25  Unknown x2  
  54  6:26  Unknown x15  
  54  6:27  Unknown  
  54  6:28  Unknown  
  54  6:30  Unknown x5  
  54  6:32  Unknown x2  
  55  6:33  Unknown  
  55  6:34  Unknown  
  55  6:35  Unknown  
  55  6:37  Unknown  
  55  6:38  Unknown  
  55  6:39  Unknown x2  
  59  6:40  Unknown  
  59  6:43  Unknown x2  
  59  6:44  Unknown x4  
  59  6:45  Unknown x4  
  59  6:46  Unknown x2  
  63  6:47  Unknown x19  
  63  6:48  Unknown x3  
  63  6:49  Unknown  
  63  6:50  Unknown  
  63  6:51  Unknown  
  59  6:54  Unknown  
  59  6:56  Unknown x2  
  59  7:00  Unknown  
  63  7:02  Unknown x2  
  63  7:06  Unknown  
  63  7:07  Unknown  
  63  7:08  Unknown x9  
  63  7:09  Unknown x8  
  63  7:12  Unknown x3  
  63  7:13  Unknown  
  63  7:14  Unknown x2  
  63  7:16  Unknown x4  
  63  7:17  Unknown x3  
  63  7:19  Unknown x2  
  63  7:22  Unknown  
  63  7:23  Unknown  
  63  7:25  Unknown x2  
  63  7:28  Unknown  
  63  7:29  Unknown  
  63  7:30  Unknown x18  
  63  7:31  Unknown  
  63  7:33  Unknown  
  63  7:34  Unknown x5  
  63  7:35  Unknown  
  63  7:36  Unknown x2  
  63  7:39  Unknown  
  63  7:40  Unknown  
  63  7:42  Unknown x2  
  63  7:45  Unknown  
  63  7:46  Unknown x2  
  63  7:47  Unknown x2  
  63  7:48  Unknown  
  63  7:51  Unknown x29  
  65  7:52  Unknown x6  
  65  7:53  Unknown  
  65  7:54  Unknown x2  
  65  7:56  Unknown  
  65  7:57  Unknown  
  66  7:59  Unknown x4  
  66  8:02  Unknown  
  66  8:03  Unknown  
  66  8:04  Unknown  
  66  8:05  Unknown x2  
  66  8:08  Unknown x2  
  66  8:09  Unknown  
  66  8:10  Unknown  
  66  8:11  Unknown  
  66  8:13  Unknown x34  
  66  8:14  Unknown  
  66  8:16  Unknown x3  
  66  8:19  Unknown x2  
  66  8:20  Unknown  
  66  8:22  Unknown x2  
  66  8:25  Unknown  
  66  8:26  Unknown  
  66  8:27  Unknown  
  66  8:28  Unknown x2  
  66  8:30  Unknown  
  66  8:31  Unknown  
  66  8:32  Unknown x2  
  66  8:33  Unknown  
  66  8:34  Unknown x33  
  66  8:36  Unknown  
  66  8:37  Unknown  
  66  8:38  Unknown  
  66  8:39  Unknown x2  
  66  8:42  Unknown  
  66  8:43  Unknown  
  66  8:44  Unknown  
  66  8:45  Unknown x2  
  66  8:48  Unknown  
  66  8:49  Unknown x2  
  66  8:50  Unknown  
  66  8:51  Unknown  
  66  8:52  Unknown x3  
  66  8:53  Unknown x10  
  66  8:54  Unknown x7  
  66  8:55  Unknown x7  
  66  8:56  Unknown x46  
  66  8:57  Unknown x7  
  66  8:58  Unknown x7  
  66  8:59  Unknown x7  
  66  9:00  Unknown x7  
  66  9:01  Unknown x7  
  66  9:02  Unknown x8  
  66  9:03  Unknown x9  
  66  9:04  Unknown x6  
  66  9:05  Unknown x7  
  66  9:06  Unknown x5  
  66  9:07  Unknown  
  66  9:08  Unknown  
  66  9:10  Unknown x3  
  66  9:11  Unknown x7  
  66  9:12  Unknown x8  
  66  9:13  Unknown x7  
  66  9:14  Unknown x7  
  66  9:15  Unknown x6  
  66  9:16  Unknown x7  
  66  9:17  Unknown x39  
  66  9:18  Unknown x7  
  66  9:19  Unknown x8  
  66  9:20  Unknown x9  
  66  9:21  Unknown x6  
  66  9:22  Unknown x8  
  66  9:23  Unknown x10  
  66  9:24  Unknown x7  
  66  9:25  Unknown x2  
  66  9:26  Unknown x10  
  66  9:27  Unknown  
  66  9:28  Unknown x4  
  66  9:29  Unknown x3  
  66  9:30  Unknown x4  
  66  9:31  Unknown  
  66  9:32  Unknown x3  
  66  9:33  Unknown x3  
  66  9:34  Unknown x5  
  66  9:35  Unknown x5  
  66  9:36  Unknown x10  
  66  9:37  Unknown x4  
  66  9:38  Unknown x33  
  66  9:39  Unknown x48  
  66  9:40  Unknown  
  66  9:41  Unknown x5  
  66  9:42  Unknown x4  
  66  9:43  Unknown x6  
  66  9:44  Unknown x3  
  66  9:45  Unknown  
  66  9:46  Unknown x2  
  66  9:47  Unknown  
  66  9:48  Unknown  
  66  9:51  Unknown x3  
  66  9:52  Unknown x5  
  70  9:53  Unknown  
  70  9:54  Unknown x2  
  70  9:55  Unknown x12  
  70  9:56  Unknown x10  
  70  9:57  Unknown x11  
  70  9:58  Unknown x3  
  70  9:59  Unknown x8  
  66  10:00  Unknown x45  
  66  10:01  Unknown  
  66  10:02  Unknown  
  66  10:03  Unknown  
  66  10:04  Unknown  
  66  10:05  Unknown x2  
  66  10:06  Unknown  
  66  10:08  Unknown  
  66  10:09  Unknown x4  
  66  10:10  Unknown x4  
  66  10:11  Unknown x2  
  66  10:13  Unknown x2  
  66  10:14  Unknown  
  66  10:15  Unknown  
  66  10:16  Unknown x2  
  66  10:19  Unknown  
  66  10:20  Unknown  
  66  10:21  Unknown x54  
  66  10:22  Unknown x20  
  66  10:25  Unknown  
  66  10:26  Unknown x2  
  66  10:27  Unknown  
  66  10:28  Unknown  
  70  10:31  Unknown  
  70  10:32  Unknown x2  
  70  10:33  Unknown  
  70  10:34  Unknown  
  70  10:36  Unknown  
  70  10:37  Unknown x6  
  70  10:38  Unknown x8  
  70  10:39  Unknown x9  
  70  10:40  Unknown x7  
  70  10:41  Unknown x2  
  70  10:42  Unknown x4  
  70  10:43  Unknown x37  
  70  10:44  Unknown x2  
  70  10:45  Unknown x3  
  70  10:46  Unknown x5  
  70  10:47  Unknown x6  
  70  10:48  Unknown x9  
  70  10:49  Unknown x6  
  70  10:50  Unknown x21  
  70  10:51  Unknown x17  
  70  10:52  Unknown x16  
  70  10:53  Unknown x14  
  70  10:54  Unknown x2  
  70  10:55  Unknown x4  
  70  10:56  Unknown x13  
  70  10:57  Unknown x11  
  70  10:58  Unknown x10  
  70  10:59  Unknown x12  
  70  11:00  Unknown x12  
  70  11:01  Unknown x29  
  70  11:02  Unknown x28  
  70  11:03  Unknown x20  
  70  11:04  Unknown x94  
  70  11:05  Unknown x20  
  70  11:06  Unknown x16  
  70  11:07  Unknown x19  
  70  11:08  Unknown x18  
  70  11:09  Unknown x24  
  70  11:10  Unknown x12  
  70  11:11  Unknown x36  
  75  11:12  Unknown x15  
  75  11:13  Unknown x18  
  75  11:14  Unknown x10  
  75  11:15  Unknown x12  
  75  11:16  Unknown x8  
  75  11:17  Unknown x30  
  75  11:18  Unknown x34  
  75  11:19  Unknown x18  
  75  11:20  Unknown x11  
  75  11:21  Unknown x14  
  75  11:22  Unknown x20  
  75  11:23  Unknown x21  
  75  11:24  Unknown x10  
  75  11:25  Unknown x16  
  75  11:26  Unknown x30  
  75  11:27  Unknown x9  
  75  11:28  Unknown x10  
  75  11:29  Unknown x17  
  75  11:30  Unknown x29  
  75  11:31  Unknown x23  
  75  11:32  Unknown x48  
  100  11:33  Unknown x43  
  100  11:34  Unknown x42  
  100  11:35  Unknown x40  
  100  11:36  Unknown x37  
  100  11:39  Unknown x2  
  109  11:40  Unknown  
  109  11:41  Unknown  
  109  11:42  Unknown x2  
  109  11:45  Unknown x2  
  109  11:46  Unknown x3  
  109  11:47  Unknown x74  
  109  11:48  Unknown x22  
  109  11:49  Unknown x15  
  109  11:50  Unknown x17  
  109  11:51  Unknown x17  
  109  11:52  Unknown x10  
  109  11:53  Unknown x14  
  109  11:54  Unknown x15  
  122  11:55  Unknown x5  
  122  11:56  Unknown x2  
  122  11:57  Unknown  
  122  11:58  Unknown x2  
  122  11:59  Unknown x2  
  122  12:00  Unknown x13  
  122  12:01  Unknown x7  
  130  12:02  Unknown x26  
  130  12:03  Unknown x30  
  130  12:04  Unknown x22  
  130  12:05  Unknown x19  
  130  12:08  Unknown x18  
  126  12:09  Unknown x18  
  126  12:10  Unknown  
  126  12:11  Unknown x2  
  126  12:12  Unknown x10  
  126  12:13  Unknown x2  
  126  12:14  Unknown  
  126  12:15  Unknown  
  130  12:16  Unknown x3  
  130  12:17  Unknown  
  130  12:19  Unknown x2  
  130  12:20  Unknown  
  130  12:21  Unknown  
  130  12:22  Unknown x2  
  130  12:25  Unknown x2  
  130  12:26  Unknown x2  
  130  12:27  Unknown  
  130  12:28  Unknown  
  130  12:30  Unknown x67  
  130  12:31  Unknown x2  
  130  12:32  Unknown x2  
  130  12:33  Unknown  
  130  12:34  Unknown  
  130  12:36  Unknown x3  
  130  12:37  Unknown  
  130  12:38  Unknown  
  130  12:39  Unknown x2  
  130  12:42  Unknown x3  
  130  12:43  Unknown  
  130  12:44  Unknown  
  130  12:45  Unknown x2  
  130  12:47  Unknown  
  130  12:48  Unknown x3  
  130  12:49  Unknown x4  
  130  12:50  Unknown x25  
  130  12:51  Unknown x29  
  130  12:52  Unknown x4  
  130  12:53  Unknown x16  
  130  12:54  Unknown x16  
  130  12:55  Unknown x8  
  130  12:56  Unknown x8  
  130  12:57  Unknown x6  
  130  12:58  Unknown x6  
  120  12:59  Unknown x9  
  120  13:00  Unknown x8  
  120  13:01  Unknown x7  
  120  13:02  Unknown x11  
  120  13:03  Unknown x6  
  120  13:04  Unknown x7  
  120  13:05  Unknown x8  
  120  13:06  Unknown x9  
  120  13:07  Unknown x8  
  120  13:08  Unknown x7  
  120  13:10  Unknown x2  
  120  13:11  Unknown  
  120  13:12  Unknown x3  
  111  13:13  Unknown x65  
  111  13:14  Unknown x2  
  111  13:16  Unknown x3  
  111  13:17  Unknown x2  
  111  13:18  Unknown  
  111  13:19  Unknown x6  
  118  13:20  Unknown  
  118  13:21  Unknown x5  
  118  13:22  Unknown x8  
  118  13:23  Unknown x11  
  118  13:24  Unknown x8  
  118  13:25  Unknown x20  
  118  13:26  Unknown x12  
  119  13:27  Unknown x16  
  119  13:28  Unknown x16  
  119  13:29  Unknown x10  
  119  13:30  Unknown x14  
  119  13:31  Unknown x4  
  119  13:32  Unknown x2  
  119  13:33  Unknown x3  
  119  13:34  Unknown x33  
  119  13:35  Unknown x2  
  119  13:36  Unknown x2  
  119  13:38  Unknown x3  
  119  13:39  Unknown x3  
  119  13:40  Unknown x2  
  119  13:41  Unknown  
  119  13:42  Unknown x2  
  119  13:44  Unknown  
  119  13:45  Unknown x2  
  119  13:46  Unknown x3  
  119  13:47  Unknown  
  119  13:48  Unknown  
  127  13:49  Unknown  
  127  13:50  Unknown x3  
  127  13:51  Unknown x5  
  127  13:52  Unknown x24  
  127  13:53  Unknown  
  127  13:54  Unknown  
  127  13:55  Unknown x15  
  151  13:56  Unknown x82  
  151  13:57  Unknown x2  
  151  13:58  Unknown x2  
  151  13:59  Unknown x3  
  151  14:01  Unknown  
  151  14:02  Unknown x3  
  151  14:03  Unknown x3  
  151  14:04  Unknown  
  151  14:05  Unknown x2  
  151  14:07  Unknown  
  151  14:08  Unknown x5  
  151  14:09  Unknown x5  
  126  14:10  Unknown  
  126  14:11  Unknown  
  126  14:13  Unknown x4  
  126  14:14  Unknown x2  
  126  14:15  Unknown x4  
  126  14:16  Unknown x4  
  126  14:17  Unknown x33  
  126  14:18  Unknown  
  126  14:19  Unknown x6  
  126  14:20  Unknown x4  
  126  14:21  Unknown  
  126  14:22  Unknown x2  
  126  14:24  Unknown  
  126  14:25  Unknown x2  
  126  14:26  Unknown x9  
  126  14:27  Unknown x2  
  126  14:28  Unknown  
  126  14:30  Unknown x2  
  126  14:31  Unknown  
  130  14:32  Unknown x5  
  130  14:33  Unknown  
  130  14:34  Unknown  
  130  14:36  Unknown x3  
  130  14:37  Unknown x2  
  130  14:38  Unknown x29  
  134  14:39  Unknown x47  
  134  14:40  Unknown  
  134  14:42  Unknown x3  
  134  14:43  Unknown x3  
  134  14:44  Unknown x2  
  134  14:45  Unknown x3  
  134  14:46  Unknown  
  134  14:47  Unknown x30  
  134  14:48  Unknown x6  
  134  14:49  Unknown x5  
  134  14:50  Unknown x15  
  134  14:51  Unknown x24  
  168  14:53  Unknown x4  
  168  14:54  Unknown  
  168  14:55  Unknown x4  
  168  14:56  Unknown x3  
  168  14:59  Unknown x3  
  168  15:00  Unknown x35  
  168  15:01  Unknown x2  
  168  15:02  Unknown x3  
  168  15:04  Unknown  
  168  15:05  Unknown x2  
  168  15:06  Unknown x4  
  168  15:07  Unknown x5  
  168  15:08  Unknown x4  
  168  15:10  Unknown x2  
  168  15:11  Unknown  
  168  15:12  Unknown x5  
  168  15:13  Unknown  
  168  15:14  Unknown x2  
  146  15:16  Unknown x5  
  146  15:17  Unknown x2  
  146  15:18  Unknown x3  
  146  15:19  Unknown x5  
  146  15:21  Unknown x56  
  146  15:22  Unknown x22  
  146  15:23  Unknown x3  
  146  15:24  Unknown x2  
  146  15:25  Unknown x3  
  146  15:27  Unknown x2  
  146  15:28  Unknown x4  
  150  15:29  Unknown x4  
  150  15:30  Unknown x3  
  150  15:31  Unknown x3  
  150  15:32  Unknown x3  
  150  15:33  Unknown x9  
  150  15:34  Unknown x3  
  150  15:35  Unknown x12  
  158  15:36  Unknown x6  
  158  15:37  Unknown x3  
  158  15:38  Unknown  
  158  15:39  Unknown x9  
  158  15:40  Unknown x7  
  158  15:41  Unknown x6  
  158  15:42  Unknown x7  
  166  15:43  Unknown x39  
  166  15:44  Unknown x7  
  166  15:45  Unknown x7  
  166  15:46  Unknown x9  
  166  15:47  Unknown x10  
  166  15:48  Unknown x5  
  166  15:49  Unknown x4  
  161  15:50  Unknown x8  
  161  15:51  Unknown x9  
  161  15:52  Unknown x12  
  161  15:53  Unknown x5  
  161  15:54  Unknown x3  
  161  15:56  Unknown x5  
  161  15:57  Unknown x2  
  161  15:58  Unknown x3  
  161  15:59  Unknown x4  
  161  16:02  Unknown x5  
  161  16:03  Unknown x3  
  161  16:04  Unknown x72  
  160  16:05  Unknown x4  
  160  16:06  Unknown x2  
  160  16:07  Unknown x2  
  160  16:08  Unknown x3  
  160  16:09  Unknown x4  
  160  16:10  Unknown x4  
  160  16:11  Unknown x2  
  132  16:12  Unknown  
  132  16:13  Unknown x11  
  132  16:14  Unknown x9  
  132  16:15  Unknown x8  
  132  16:16  Unknown x5  
  132  16:17  Unknown x2  
  132  16:18  Unknown x2  
  124  16:19  Unknown x7  
  124  16:20  Unknown x7  
  124  16:21  Unknown x3  
  124  16:22  Unknown x7  
  124  16:23  Unknown x8  
  124  16:24  Unknown x10  
  124  16:25  Unknown x25  
  117  16:26  Unknown x66  
  117  16:27  Unknown x31  
  117  16:28  Unknown x26  
  117  16:29  Unknown x16  
  117  16:30  Unknown x25  
  117  16:31  Unknown x22  
  117  16:32  Unknown x15  
  122  16:33  Unknown x15  
  122  16:34  Unknown x18  
  122  16:35  Unknown x7  
  122  16:36  Unknown x14  
  122  16:37  Unknown x10  
  122  16:38  Unknown x4  
  122  16:39  Unknown x8  
  122  16:40  Unknown x11  
  122  16:42  Unknown x5  
  122  16:43  Unknown x4  
  122  16:44  Unknown x7  
  122  16:45  Unknown x5  
  122  16:46  Unknown x5  
  122  16:47  Unknown x69  
  122  16:48  Unknown x4  
  122  16:49  Unknown x7  
  122  16:50  Unknown x8  
  122  16:51  Unknown x4  
  122  16:52  Unknown x5  
  122  16:53  Unknown x10  
  122  16:54  Unknown x8  
  122  16:55  Unknown x11  
  122  16:56  Unknown x8  
  122  16:57  Unknown x7  
  122  16:58  Unknown x11  
  122  16:59  Unknown x14  
  122  17:00  Unknown x22  
  122  17:01  Unknown x16  
  122  17:02  Unknown x17  
  122  17:03  Unknown x21  
  122  17:04  Unknown x10  
  122  17:05  Unknown x11  
  122  17:06  Unknown x16  
  122  17:07  Unknown x9  
  122  17:08  Unknown x23  
  122  17:09  Unknown x27  
  122  17:10  Unknown x10  
  122  17:11  Unknown x10  
  122  17:12  Unknown x14  
  122  17:13  Unknown x12  
  122  17:14  Unknown x14  
  122  17:15  Unknown x12  
  130  17:16  Unknown x13  
  130  17:17  Unknown x18  
  130  17:18  Unknown x14  
  130  17:19  Unknown x14  
  130  17:20  Unknown x3  
  130  17:21  Unknown  
  130  17:22  Unknown x7  
  130  17:23  Unknown x5  
  130  17:24  Unknown x5  
  130  17:25  Unknown x5  
  130  17:26  Unknown x7  
  130  17:27  Unknown x2  
  130  17:28  Unknown x3  
  130  17:29  Unknown x5  
  130  17:30  Unknown x77  
  130  17:31  Unknown x2  
  130  17:32  Unknown x2  
  130  17:33  Unknown x6  
  130  17:34  Unknown x2  
  130  17:35  Unknown x6  
  130  17:36  Unknown x5  
  130  17:37  Unknown x5  
  130  17:38  Unknown x7  
  130  17:39  Unknown x16  
  130  17:40  Unknown x17  
  130  17:41  Unknown x11  
  130  17:42  Unknown x18  
  130  17:43  Unknown x9  
  130  17:44  Unknown x8  
  130  17:45  Unknown x7  
  130  17:46  Unknown x11  
  130  17:47  Unknown x13  
  130  17:48  Unknown x10  
  130  17:49  Unknown x3  
  130  17:50  Unknown x16  
  130  17:51  Unknown x37  
  130  17:52  Unknown x27  
  130  17:53  Unknown x14  
  130  17:54  Unknown x7  
  130  17:55  Unknown x8  
  130  17:56  Unknown x17  
  130  17:57  Unknown x8  
  130  17:58  Unknown x5  
  130  17:59  Unknown x25  
  130  18:00  Unknown x8  
  130  18:01  Unknown x12  
  130  18:02  Unknown x19  
  130  18:03  Unknown x4  
  130  18:04  Unknown x5  
  130  18:05  Unknown x4  
  130  18:06  Unknown x2  
  130  18:07  Unknown x2  
  130  18:08  Unknown x3  
  130  18:09  Unknown x5  
  130  18:10  Unknown x6  
  130  18:11  Unknown x2  
  130  18:12  Unknown x3  
  134  18:13  Unknown x72  
  134  18:14  Unknown  
  134  18:15  Unknown x7  
  134  18:16  Unknown x6  
  134  18:17  Unknown  
  134  18:18  Unknown  
  134  18:19  Unknown x5  
  142  18:20  Unknown x4  
  142  18:21  Unknown x4  
  142  18:22  Unknown x5  
  142  18:23  Unknown x5  
  142  18:24  Unknown x4  
  142  18:25  Unknown x6  
  142  18:26  Unknown x8  
  150  18:27  Unknown x10  
  150  18:28  Unknown x14  
  150  18:29  Unknown x13  
  150  18:30  Unknown x20  
  150  18:31  Unknown x23  
  150  18:32  Unknown x25  
  150  18:33  Unknown x14  
  150  18:34  Unknown x54  
  161  18:35  Unknown x4  
  161  18:36  Unknown x15  
  161  18:37  Unknown x12  
  161  18:38  Unknown x8  
  161  18:39  Unknown x10  
  161  18:40  Unknown x8  
  161  18:41  Unknown x12  
  163  18:42  Unknown x7  
  163  18:43  Unknown x11  
  163  18:44  Unknown x10  
  163  18:45  Unknown x8  
  163  18:46  Unknown x6  
  163  18:47  Unknown x2  
  163  18:48  Unknown x3  
  167  18:49  Unknown x6  
  167  18:50  Unknown x8  
  167  18:51  Unknown x2  
  167  18:52  Unknown x2  
  167  18:53  Unknown x5  
  167  18:54  Unknown x2  
  167  18:55  Unknown x8  
  167  18:56  Unknown x77  
  167  18:57  Unknown  
  167  18:58  Unknown x2  
  167  18:59  Unknown x5  
  167  19:00  Unknown x5  
  167  19:01  Unknown x7  
  167  19:02  Unknown x5  
  175  19:03  Unknown x2  
  175  19:04  Unknown x2  
  175  19:05  Unknown x4  
  175  19:06  Unknown x8  
  175  19:07  Unknown x9  
  175  19:08  Unknown x6  
  175  19:09  Unknown x5  
  187  19:10  Unknown x10  
  187  19:11  Unknown x6  
  187  19:12  Unknown x12  
  187  19:13  Unknown x6  
  187  19:14  Unknown x7  
  187  19:15  Unknown x9  
  187  19:16  Unknown x10  
  187  19:17  Unknown x43  
  203  19:18  Unknown x12  
  203  19:19  Unknown x5  
  203  19:20  Unknown x6  
  203  19:21  Unknown x2  
  203  19:22  Unknown x12  
  203  19:23  Unknown x6  
  203  19:24  Unknown x13  
  215  19:25  Unknown x4  
  215  19:26  Unknown x8  
  215  19:27  Unknown x7  
  215  19:28  Unknown x7  
  215  19:29  Unknown x5  
  215  19:30  Unknown x8  
  215  19:31  Unknown x2  
  227  19:32  Unknown x2  
  227  19:33  Unknown x6  
  227  19:34  Unknown x5  
  227  19:35  Unknown x8  
  227  19:36  Unknown x8  
  227  19:37  Unknown  
  227  19:38  Unknown x25  
  235  19:39  Unknown x49  
  235  19:40  Unknown x6  
  235  19:41  Unknown x6  
  235  19:42  Unknown x6  
  235  19:43  Unknown x2  
  235  19:44  Unknown x3  
  235  19:45  Unknown x6  
  247  19:46  Unknown x5  
  247  19:47  Unknown x8  
  247  19:48  Unknown x4  
  247  19:49  Unknown x3  
  247  19:50  Unknown x12  
  247  19:51  Unknown x9  
  247  19:52  Unknown x17  
  259  19:53  Unknown x12  
  259  19:54  Unknown x26  
  259  19:55  Unknown x10  
  259  19:56  Unknown x13  
  259  19:57  Unknown x14  
  259  19:58  Unknown x13  
  259  19:59  Unknown x13  
  259  20:00  Unknown x36  
  259  20:01  Unknown x3  
  259  20:02  Unknown x12  
  259  20:03  Unknown x9  
  259  20:04  Unknown x13  
  259  20:05  Unknown x19  
  259  20:06  Unknown x24  
  260  20:07  Unknown x9  
  260  20:08  Unknown x19  
  260  20:09  Unknown x7  
  260  20:10  Unknown x13  
  260  20:11  Unknown x8  
  260  20:12  Unknown x7  
  260  20:13  Unknown x12  
  260  20:14  Unknown x5  
  260  20:15  Unknown x11  
  260  20:16  Unknown x7  
  260  20:17  Unknown x2  
  260  20:18  Unknown x4  
  260  20:19  Unknown x7  
  260  20:20  Unknown x7  
  260  20:21  Unknown x57  
  260  20:22  Unknown x23  
  260  20:23  Unknown x10  
  260  20:24  Unknown x12  
  260  20:25  Unknown x12  
  260  20:26  Unknown x11  
  260  20:27  Unknown x12  
  260  20:28  Unknown x4  
  268  20:29  Unknown x6  
  268  20:30  Unknown x5  
  268  20:31  Unknown x4  
  268  20:32  Unknown x12  
  268  20:33  Unknown x7  
  268  20:34  Unknown x3  
  268  20:35  Unknown x6  
  284  20:36  Unknown x7  
  284  20:37  Unknown x8  
  284  20:38  Unknown x9  
  284  20:39  Unknown x7  
  284  20:40  Unknown x4  
  284  20:41  Unknown x4  
  284  20:42  Unknown x8  
  300  20:43  Unknown x40  
  300  20:44  Unknown x9  
  300  20:45  Unknown x6  
  300  20:46  Unknown x5  
  300  20:47  Unknown x19  
  300  20:48  Unknown x8  
  300  20:49  Unknown x14  
  300  20:50  Unknown x14  
  300  20:51  Unknown x7  
  300  20:52  Unknown x11  
  300  20:53  Unknown x16  
  300  20:54  Unknown x6  
  300  20:55  Unknown x13  
  300  20:56  Unknown x8  
  299  20:57  Unknown x3  
  299  20:58  Unknown x6  
  299  20:59  Unknown x7  
  299  21:00  Unknown x9  
  299  21:01  Unknown x14  
  299  21:02  Unknown x6  
  299  21:03  Unknown x4  
  299  21:04  Unknown x76  
  299  21:05  Unknown x20  
  299  21:06  Unknown x9  
  299  21:07  Unknown x13  
  299  21:08  Unknown x5  
  299  21:09  Unknown x6  
  299  21:10  Unknown x6  
  299  21:11  Unknown x5  
  299  21:12  Unknown x13  
  299  21:13  Unknown x10  
  299  21:14  Unknown x4  
  299  21:15  Unknown x7  
  299  21:16  Unknown x9  
  299  21:17  Unknown x7  
  299  21:18  Unknown x20  
  299  21:19  Unknown x11  
  299  21:20  Unknown x9  
  299  21:21  Unknown x9  
  299  21:22  Unknown x17  
  299  21:23  Unknown x10  
  299  21:24  Unknown x13  
  299  21:25  Unknown x11  
  299  21:26  Unknown x42  
  299  21:27  Unknown x13  
  299  21:28  Unknown x9  
  299  21:29  Unknown x12  
  299  21:30  Unknown x16  
  299  21:31  Unknown x10  
  299  21:32  Unknown x14  
  300  21:33  Unknown x17  
  300  21:34  Unknown x9  
  300  21:35  Unknown x18  
  300  21:36  Unknown x16  
  300  21:37  Unknown x5  
  300  21:38  Unknown x6  
  300  21:39  Unknown x11  
  300  21:40  Unknown x10  
  300  21:41  Unknown x12  
  300  21:42  Unknown x8  
  300  21:43  Unknown x4  
  300  21:44  Unknown x9  
  300  21:45  Unknown x9  
  300  21:46  Unknown x10  
  300  21:47  Unknown x84  
  300  21:48  Unknown x6  
  300  21:49  Unknown x7  
  300  21:50  Unknown x8  
  300  21:51  Unknown x5  
  300  21:52  Unknown x14  
  300  21:53  Unknown x11  
  300  21:54  Unknown x5  
  300  21:55  Unknown x7  
  300  21:56  Unknown x12  
  300  21:57  Unknown x8  
  300  21:58  Unknown x13  
  300  21:59  Unknown x8  
  300  22:00  Unknown x6  
  300  22:01  Unknown x5  
  300  22:02  Unknown x12  
  300  22:03  Unknown x10  
  300  22:04  Unknown x13  
  300  22:05  Unknown x6  
  300  22:06  Unknown x10  
  300  22:07  Unknown x15  
  300  22:08  Unknown x32  
  300  22:09  Unknown x40  
  300  22:10  Unknown x28  
  300  22:11  Unknown x22  
  300  22:12  Unknown x22  
  300  22:13  Unknown x25  
  300  22:14  Unknown x24  
  300  22:15  Unknown x40  
  300  22:16  Unknown x31  
  300  22:17  Unknown x23  
  300  22:18  Unknown x24  
  300  22:19  Unknown x29  
  300  22:20  Unknown x30  
  300  22:21  Unknown x32  
  300  22:22  Unknown x24  
  300  22:23  Unknown x18  
  300  22:24  Unknown x17  
  300  22:25  Unknown x23  
  300  22:26  Unknown x21  
  300  22:27  Unknown x24  
  300  22:28  Unknown x12  
  300  22:29  Unknown x14  
  300  22:30  Unknown x75  
  300  22:31  Unknown x6  
  300  22:32  Unknown x18  
  300  22:33  Unknown x11  
  300  22:34  Unknown x6  
  300  22:35  Unknown x7  
  300  22:36  Unknown x11  
  300  22:37  Unknown x9  
  300  22:38  Unknown x15  
  300  22:39  Unknown x8  
  300  22:40  Unknown x6  
  300  22:41  Unknown x5  
  300  22:42  Unknown x12  
  300  22:43  Unknown x11  
  300  22:44  Unknown x15  
  300  22:45  Unknown x6  
  300  22:46  Unknown x8  
  300  22:47  Unknown x9  
  300  22:48  Unknown x8  
  300  22:49  Unknown x14  
  300  22:50  Unknown x14  
  300  22:51  Unknown x34  
  299  22:52  Unknown x11  
  299  22:53  Unknown x11  
  299  22:54  Unknown x7  
  299  22:55  Unknown x18  
  299  22:56  Unknown x10  
  299  22:57  Unknown x7  
  299  22:58  Unknown x12  
  299  22:59  Unknown x19  
  299  23:00  Unknown x21  
  299  23:01  Unknown x21  
  299  23:02  Unknown x13  
  299  23:03  Unknown x12  
  299  23:04  Unknown x13  
  299  23:05  Unknown x22  
  300  23:06  Unknown x21  
  300  23:07  Unknown x34  
  300  23:08  Unknown x10  
  300  23:09  Unknown x18  
  300  23:10  Unknown x16  
  300  23:11  Unknown x22  
  300  23:12  Unknown x34  
  300  23:13  Unknown x90  
  300  23:14  Unknown x11  
  300  23:15  Unknown x19  
  300  23:16  Unknown x29  
  300  23:17  Unknown x23  
  300  23:18  Unknown x26  
  300  23:19  Unknown x16  
  300  23:20  Unknown x16  
  300  23:21  Unknown x9  
  300  23:22  Unknown x23  
  300  23:23  Unknown x21  
  300  23:24  Unknown x28  
  300  23:25  Unknown x17  
  300  23:26  Unknown x18  
  300  23:27  Unknown x16  
  300  23:28  Unknown x20  
  300  23:29  Unknown x21  
  300  23:30  Unknown x21  
  300  23:31  Unknown x15  
  300  23:32  Unknown x14  
  300  23:33  Unknown x16  
  300  23:34  Unknown x45  
  300  23:35  Unknown x24  
  300  23:36  Unknown x17  
  300  23:37  Unknown x11  
  300  23:38  Unknown x6  
  300  23:39  Unknown x11  
  300  23:40  Unknown x11  
  300  23:41  Unknown x16  
  300  23:42  Unknown x8  
  300  23:43  Unknown x5  
  300  23:44  Unknown x9  
  300  23:45  Unknown x9  
  300  23:46  Unknown x14  
  300  23:47  Unknown x25  
  300  23:48  Unknown x9  
  299  23:49  Unknown x19  
  299  23:50  Unknown x11  
  299  23:51  Unknown x18  
  299  23:52  Unknown x29  
  299  23:53  Unknown x25  
  299  23:54  Unknown x15  
  299  23:55  Unknown x22  
  299  23:56  Unknown x87  
  299  23:57  Unknown x19  
  299  23:58  Unknown x32  
  299  23:59  Unknown x28  
  299  24:00  Unknown x30  
  299  24:01  Unknown x25  
  299  24:02  Unknown x41  
  299  24:03  Unknown x23  
  299  24:04  Unknown x35  
  299  24:05  Unknown x19  
  299  24:06  Unknown x30  
  299  24:07  Unknown x17  
  299  24:08  Unknown x16  
  299  24:09  Unknown x28  
  299  24:10  Unknown x24  
  299  24:11  Unknown x17  
  299  24:12  Unknown x11  
  299  24:13  Unknown x21  
  299  24:14  Unknown x12  
  299  24:15  Unknown x25  
  299  24:16  Unknown x18  
  299  24:17  Unknown x44  
  299  24:18  Unknown x13  
  299  24:19  Unknown x18  
  299  24:20  Unknown x22  
  299  24:21  Unknown x21  
  299  24:22  Unknown x15  
  299  24:23  Unknown x8  
  299  24:24  Unknown x11  
  299  24:25  Unknown x14  
  299  24:26  Unknown x12  
  299  24:27  Unknown x19  
  299  24:28  Unknown x7  
  299  24:29  Unknown x8  
  299  24:30  Unknown x8  
  299  24:31  Unknown x6  
  299  24:32  Unknown x18  
  299  24:33  Unknown x13  
  299  24:34  Unknown x10  
  299  24:35  Unknown x13  
  299  24:36  Unknown x19  
  299  24:37  Unknown x19  
  299  24:38  Unknown x51  
  286  24:39  Unknown x63  
  286  24:40  Unknown x28  
  286  24:41  Unknown x22  
  286  24:42  Unknown x17  
  286  24:43  Unknown x13  
  286  24:44  Unknown x16  
  286  24:45  Unknown x11  
  282  24:46  Unknown x17  
  282  24:47  Unknown x16  
  282  24:48  Unknown x16  
  282  24:49  Unknown x24  
  282  24:50  Unknown x14  
  282  24:51  Unknown x21  
  282  24:52  Unknown x20  
  278  24:53  Unknown x16  
  278  24:54  Unknown x22  
  278  24:55  Unknown x18  
  278  24:56  Unknown x15  
  278  24:57  Unknown x10  
  278  24:58  Unknown x10  
  278  24:59  Unknown x12  
  278  25:00  Unknown x62  
  278  25:01  Unknown x22  
  278  25:02  Unknown x14  
  278  25:03  Unknown x19  
  278  25:04  Unknown x11  
  278  25:05  Unknown x13  
  278  25:06  Unknown x11  
  278  25:07  Unknown x18  
  278  25:08  Unknown x14  
  278  25:09  Unknown x9  
  278  25:10  Unknown x8  
  278  25:11  Unknown x9  
  278  25:12  Unknown x16  
  278  25:13  Unknown x10  
  278  25:14  Unknown x7  
  278  25:15  Unknown x7  
  278  25:16  Unknown x11  
  278  25:17  Unknown x9  
  278  25:18  Unknown x14  
  278  25:19  Unknown x8  
  278  25:20  Unknown x7  
  278  25:21  Unknown x58  
  278  25:22  Unknown x28  
  278  25:23  Unknown x12  
  278  25:24  Unknown x13  
  278  25:25  Unknown x6  
  278  25:26  Unknown x8  
  278  25:27  Unknown x9  
  278  25:28  Unknown x9  
  278  25:29  Unknown x12  
  278  25:30  Unknown x13  
  278  25:31  Unknown x8  
  278  25:32  Unknown x11  
  278  25:33  Unknown x13  
  278  25:34  Unknown x10  
  278  25:35  Unknown x18  
  278  25:36  Unknown x14  
  278  25:37  Unknown x7  
  278  25:38  Unknown x8  
  278  25:39  Unknown x13  
  278  25:40  Unknown x11  
  278  25:41  Unknown x21  
  278  25:42  Unknown x18  
  278  25:43  Unknown x43  
  278  25:44  Unknown x24  
  278  25:45  Unknown x30  
  278  25:46  Unknown x26  
  278  25:47  Unknown x40  
  278  25:48  Unknown x35  
  278  25:49  Unknown x28  
  278  25:50  Unknown x24  
  278  25:51  Unknown x28  
  278  25:52  Unknown x31  
  278  25:53  Unknown x47  
  278  25:54  Unknown x15  
  278  25:55  Unknown x14  
  278  25:56  Unknown x17  
  278  25:57  Unknown x15  
  278  25:58  Unknown x15  
  278  25:59  Unknown x8  
  278  26:00  Unknown x8  
  278  26:01  Unknown x7  
  278  26:02  Unknown x14  
  278  26:03  Unknown x18  
  278  26:04  Unknown x89  
  278  26:05  Unknown x24  
  278  26:06  Unknown x26  
  278  26:07  Unknown x28  
  278  26:08  Unknown x22  
  278  26:09  Unknown x35  
  278  26:10  Unknown x26  
  278  26:11  Unknown x16  
  282  26:12  Unknown x11  
  282  26:13  Unknown x29  
  282  26:14  Unknown x17  
  282  26:15  Unknown x22  
  282  26:16  Unknown x24  
  282  26:17  Unknown x14  
  282  26:18  Unknown x15  
  282  26:19  Unknown x28  
  282  26:20  Unknown x15  
  282  26:21  Unknown x17  
  282  26:22  Unknown x7  
  282  26:23  Unknown x15  
  282  26:24  Unknown x15  
  282  26:25  Unknown x19  
  282  26:26  Unknown x47  
  282  26:27  Unknown x23  
  282  26:28  Unknown x12  
  282  26:29  Unknown x11  
  282  26:30  Unknown x17  
  282  26:31  Unknown x16  
  282  26:32  Unknown x22  
  282  26:33  Unknown x20  
  282  26:34  Unknown x18  
  282  26:35  Unknown x12  
  282  26:36  Unknown x19  
  282  26:37  Unknown x9  
  282  26:38  Unknown x14  
  282  26:39  Unknown x8  
  282  26:40  Unknown x7  
  282  26:41  Unknown x7  
  282  26:42  Unknown x12  
  282  26:43  Unknown x12  
  282  26:44  Unknown x14  
  282  26:45  Unknown x8  
  282  26:46  Unknown x10  
  282  26:47  Unknown x81  
  282  26:48  Unknown x19  
  282  26:49  Unknown x26  
  282  26:50  Unknown x22  
  282  26:51  Unknown x15  
  282  26:52  Unknown x11  
  282  26:53  Unknown x16  
  282  26:54  Unknown x17  
  282  26:55  Unknown x19  
  282  26:56  Unknown x15  
  282  26:57  Unknown x14  
  282  26:58  Unknown x13  
  282  26:59  Unknown x15  
  282  27:00  Unknown x11  
  282  27:01  Unknown x15  
  282  27:02  Unknown x11  
  282  27:03  Unknown x12  
  282  27:04  Unknown x12  
  282  27:05  Unknown x13  
  282  27:06  Unknown x13  
  282  27:07  Unknown x19  
  282  27:08  Unknown x23  
  282  27:09  Unknown x25  
  282  27:10  Unknown x9  
  282  27:11  Unknown x9  
  282  27:12  Unknown x17  
  282  27:13  Unknown x10  
  282  27:14  Unknown x8  
  282  27:15  Unknown x11  
  282  27:16  Unknown x21  
  282  27:17  Unknown x14  
  282  27:18  Unknown x19  
  282  27:19  Unknown x8  
  282  27:20  Unknown x7  
  282  27:21  Unknown x7  
  282  27:22  Unknown x12  
  282  27:23  Unknown x12  
  282  27:24  Unknown x14  
  282  27:25  Unknown x6  
  282  27:26  Unknown x9  
  282  27:27  Unknown x10  
  282  27:28  Unknown x10  
  282  27:29  Unknown x13  
  282  27:30  Unknown x82  
  282  27:31  Unknown x7  
  282  27:32  Unknown x8  
  282  27:33  Unknown x11  
  282  27:34  Unknown x8  
  282  27:35  Unknown x16  
  282  27:36  Unknown x9  
  282  27:37  Unknown x12  
  282  27:38  Unknown x13  
  282  27:39  Unknown x18  
  282  27:40  Unknown x17  
  282  27:41  Unknown x21  
  282  27:42  Unknown x13  
  282  27:43  Unknown x12  
  282  27:44  Unknown x16  
  282  27:45  Unknown x19  
  282  27:46  Unknown x18  
  282  27:47  Unknown x21  
  282  27:48  Unknown x13  
  282  27:49  Unknown x15  
  282  27:50  Unknown x15  
  282  27:51  Unknown x35  
  282  27:52  Unknown x20  
  282  27:53  Unknown x10  
  282  27:54  Unknown x7  
  282  27:55  Unknown x8  
  282  27:56  Unknown x12  
  282  27:57  Unknown x9  
  282  27:58  Unknown x15  
  282  27:59  Unknown x9  
  282  28:00  Unknown x7  
  282  28:01  Unknown x7  
  282  28:02  Unknown x12  
  282  28:03  Unknown x12  
  282  28:04  Unknown x14  
  282  28:05  Unknown x6  
  282  28:06  Unknown x8  
  282  28:07  Unknown x10  
  282  28:08  Unknown x10  
  282  28:09  Unknown x13  
  282  28:10  Unknown x13  
  282  28:11  Unknown x7  
  282  28:12  Unknown x8  
  282  28:13  Unknown x80  
  282  28:14  Unknown x8  
  282  28:15  Unknown x16  
  282  28:16  Unknown x9  
  282  28:17  Unknown x6  
  282  28:18  Unknown x7  
  282  28:19  Unknown x12  
  282  28:20  Unknown x11  
  282  28:21  Unknown x15  
  282  28:22  Unknown x7  
  282  28:23  Unknown x6  
  282  28:24  Unknown x10  
  282  28:25  Unknown x10  
  282  28:26  Unknown x12  
  282  28:27  Unknown x15  
  282  28:28  Unknown x7  
  282  28:29  Unknown x9  
  282  28:30  Unknown x9  
  282  28:31  Unknown x7  
  282  28:32  Unknown x16  
  282  28:33  Unknown x10  
  282  28:34  Unknown x39  
  282  28:35  Unknown x8  
  282  28:36  Unknown x12  
  282  28:37  Unknown x9  
  282  28:38  Unknown x16  
  282  28:39  Unknown x8  
  282  28:40  Unknown x7  
  282  28:41  Unknown x7  
  282  28:42  Unknown x12  
  282  28:43  Unknown x12  
  282  28:44  Unknown x14  
  282  28:45  Unknown x7  
  282  28:46  Unknown x8  
  282  28:47  Unknown x10  
  282  28:48  Unknown x10  
  286  28:49  Unknown x13  
  286  28:50  Unknown x14  
  286  28:51  Unknown x7  
  286  28:52  Unknown x8  
  286  28:53  Unknown x11  
  286  28:54  Unknown x8  
  286  28:55  Unknown x16  
  286  28:56  Unknown x79  
  286  28:57  Unknown x6  
  286  28:58  Unknown x7  
  286  28:59  Unknown x12  
  286  29:00  Unknown x11  
  286  29:01  Unknown x15  
  286  29:02  Unknown x7  
  290  29:03  Unknown x6  
  290  29:04  Unknown x10  
  290  29:05  Unknown x10  
  290  29:06  Unknown x12  
  290  29:07  Unknown x15  
  290  29:08  Unknown x7  
  290  29:09  Unknown x9  
  290  29:10  Unknown x9  
  290  29:11  Unknown x7  
  290  29:12  Unknown x16  
  290  29:13  Unknown x10  
  290  29:14  Unknown x7  
  290  29:15  Unknown x8  
  290  29:16  Unknown x12  
  290  29:17  Unknown x41  
  290  29:18  Unknown x15  
  290  29:19  Unknown x8  
  290  29:20  Unknown x7  
  290  29:21  Unknown x7  
  290  29:22  Unknown x12  
  290  29:23  Unknown x12  
  290  29:24  Unknown x14  
  290  29:25  Unknown x6  
  290  29:26  Unknown x8  
  290  29:27  Unknown x10  
  290  29:28  Unknown x10  
  290  29:29  Unknown x13  
  290  29:30  Unknown x13  
  290  29:31  Unknown x7  
  290  29:32  Unknown x9  
  290  29:33  Unknown x11  
  290  29:34  Unknown x8  
  290  29:35  Unknown x16  
  290  29:36  Unknown x9  
  290  29:37  Unknown x7  
  290  29:38  Unknown x32  
  290  29:39  Unknown x54  
  290  29:40  Unknown x11  
  290  29:41  Unknown x15  
  290  29:42  Unknown x7  
  290  29:43  Unknown x6  
  290  29:44  Unknown x10  
  290  29:45  Unknown x10  
  290  29:46  Unknown x12  
  290  29:47  Unknown x16  
  290  29:48  Unknown x8  
  290  29:49  Unknown x12  
  290  29:50  Unknown x15  
  290  29:51  Unknown x13  
  290  29:52  Unknown x20  
  290  29:53  Unknown x10  
  290  29:54  Unknown x7  
  290  29:55  Unknown x10  
  290  29:56  Unknown x19  
  290  29:57  Unknown x12  
  290  29:58  Unknown x15  
  290  29:59  Unknown x8  
  290  30:00  Unknown x39  
  290  30:01  Unknown x7  
  290  30:02  Unknown x12  
  290  30:03  Unknown x12  
  290  30:04  Unknown x10  
Tags
 
Add a new tag
Caveats
  • Supply blocks, unpowered buildings, or Contaminate may cause inaccurate times.
  • Supply counts are checked every 10 seconds.